 Dungeon Crawl Stone Soup version 0.21.1-1-g345015f (webtiles) character file.

83195 keltmir the Impaler (level 15, -1/122 HPs)
             Began as a Demonspawn Gladiator on Mar 26, 2018.
             Was the Champion of Qazlal.
             Killed from afar by a thorn hunter (46 damage)
             ... with a volley of thorns
             ... on level 1 of the Swamp.
             The game lasted 01:46:05 (25086 turns).

keltmir the Impaler (Demonspawn Gladiator)         Turns: 25086, Time: 01:46:06

Health: -1/122     AC: 35    Str: 25    XL:     15   Next: 31%
Magic:  26/26      EV: 12    Int:  9    God:    Qazlal [******]
Gold:   1829       SH: 13    Dex: 11    Spells: 14/14 levels left

rFire    + . .     SeeInvis +   A - +0 trident (freeze)
rCold    . . .     Gourm    .   p - +0 buckler {AC+3}
rNeg     + . .     Faith    .   g - +8 plate armour of Past Mistakes {rN+}
rPois    +         Spirit   .   c - +1 helmet
rElec    .         Reflect  .   (no cloak)
rCorr    .         Harm     +   (no gloves)
MR       +....                  (boots unavailable)
Stlth    ..........             X - amulet of harm
HPRegen  0.30/turn              r - +4 ring of protection
MPRegen  0.20/turn              W - ring of Greater Demons {rPois Str+4 Dex-4 SInv}

@: protected from physical damage, repel missiles
A: hooves 3, repulsion field 3, demonic guardian 2, fire resistance 1
a: Upheaval, Elemental Force, Disaster Area, Renounce Religion


You were on level 1 of the Swamp.
You worshipped Qazlal.
Qazlal was exalted by your worship.
You were not hungry.

You visited 5 branches of the dungeon, and saw 25 of its levels.

You collected 2900 gold pieces.
You spent 1071 gold pieces at shops.

Inventory:

Hand Weapons
 A - a +0 trident of freezing (weapon)
 B - a +6 bardiche of freezing
 E - a +5 halberd of freezing
 R - a +0 whip of freezing
Armour
 c - a +1 helmet (worn)
 e - a +1 large shield of reflection
 g - the +8 plate armour of Past Mistakes (worn) {rN+}
   (You found it on level 6 of the Dungeon)

   It protects you from negative energy.
 p - a +0 buckler of protection (worn)
 L - a +2 shield of protection
Jewellery
 i - an uncursed ring of protection from cold
 r - a +4 ring of protection (left hand)
 v - a +4 ring of protection
 w - the ring of Othagh {MR- EV+1 Str+4 Int+6}
   (You found it on level 14 of the Dungeon)

   [ring of evasion]

   It affects your evasion (+1).
   It affects your strength (+4).
   It affects your intelligence (+6).
   It affects your resistance to hostile enchantments.
 D - a +3 ring of dexterity
 I - the ring of Homoh {rElec Int+3 Stlth+}
   (You found it on level 11 of the Dungeon)

   [ring of stealth]

   It affects your intelligence (+3).
   It insulates you from electricity.
   It makes you more stealthy.
 W - the ring of Greater Demons (right hand) {rPois Str+4 Dex-4 SInv}
   (You found it on level 2 of the Lair of Beasts)

   [ring of see invisible]

   It affects your strength (+4).
   It affects your dexterity (-4).
   It protects you from poison.
   It lets you see invisible.
 X - an amulet of harm (around neck)
Wands
 l - a wand of polymorph (10)
 z - a wand of flame (75)
 J - a wand of paralysis (15)
 P - a wand of disintegration (17)
 S - a wand of enslavement (16)
Scrolls
 h - a scroll of enchant weapon
 j - 20 scrolls of remove curse
 o - a scroll of torment
 q - 10 scrolls of teleportation
 u - 2 scrolls of fear
 y - 2 scrolls of amnesia
 C - 6 scrolls of blinking
 G - a scroll of magic mapping
 K - 4 scrolls of enchant armour
 O - a scroll of fog {unknown}
 Q - 2 scrolls of identify
Potions
 a - 3 potions of heal wounds
 b - 5 potions of lignification
 k - 3 potions of berserk rage
 m - a potion of invisibility
 n - 8 potions of haste
 s - 4 potions of flight
 t - 8 potions of curing
 x - a potion of cancellation {unknown}
 F - 2 potions of mutation
 H - 2 potions of ambrosia
 M - a potion of agility
 N - a potion of might {unknown}
 U - a potion of resistance
 Z - 2 potions of brilliance
Books
 d - the Almanac of Lucky Flight
   (You found it on level 6 of the Lair of Beasts)

   Spells                             Type                      Level
   a - Swiftness                      Charms/Air                   2
   b - Mephitic Cloud                 Conjuration/Poison/Air       3
   c - Airstrike                      Air                          4
   d - Excruciating Wounds            Charms/Necromancy            5
   e - Freezing Cloud                 Conjuration/Ice/Air          6
 T - a book of Battle

   Spells                             Type                      Level
   a - Infusion                       Charms                       1
   b - Shroud of Golubria             Charms/Translocation         2
   c - Song of Slaying                Charms                       2
   d - Spectral Weapon                Hexes/Charms                 3
   e - Regeneration                   Charms/Necromancy            3
Comestibles
 f - 28 rations


   Skills:
 + Level 12.7 Fighting
 - Level 16.0 Polearms
 - Level 1.7 Throwing
 + Level 10.2 Armour
 - Level 2.6 Dodging
 + Level 4.4 Shields
 + Level 14.9 Invocations


You had 14 spell levels left.
You didn't know any spells.

Dungeon Overview and Level Annotations

Branches:
Dungeon (15/15)            Temple (1/1) D:5            Lair (6/6) D:8
  Swamp (1/4) Lair:2       Spider (0/4) Lair:3        Slime (0/5) Lair:6
    Orc (2/2) D:11            Elf (0/3) Orc:2        Vaults (0/5) D:14
 Depths (0/5) D:15

Altars:
Ashenzari
Dithmenos
Elyvilon
Fedhas
Gozag
Hepliaklqana
Makhleb
Nemelex Xobeh
Okawaru
Qazlal
Ru
Trog
Uskayaw
Vehumet
Wu Jian
Xom
Yredelemnul
Jiyva

Shops:
Orc:2 !?:*}

Annotations:
Lair:3 exclusion: 4 oklob plants


Innate Abilities, Weirdness & Mutations

You have hooves in place of feet.
You are surrounded by a strong repulsion field. (EV +4, RMsl)
A demonic guardian rushes to your aid.
Your flesh is heat resistant. (rF+)


Message History

The volley of thorns hits you!
You hit the thorn hunter but do no damage.
The thorn hunter is heavily damaged.
You block the thorn hunter's attack. x2
You puncture the thorn hunter! You freeze the thorn hunter.
The thorn hunter is severely damaged.
You hit the thorn hunter. You freeze the thorn hunter.
You kick the thorn hunter, but do no damage.
The thorn hunter is severely damaged.
The thorn hunter fires a volley of thorns at you.
The volley of thorns misses you.
The volley of thorns hits your smoke demon.
The thorn hunter is struck by lightning.
The thorn hunter hits you. x2
You feel more protected from physical attacks.
You closely miss the thorn hunter.
The thorn hunter is almost destroyed.
The thorn hunter fires a volley of thorns at you.
The volley of thorns hits you!
You die...

§≈..♣♣≈≈..≈≈.♣♣ ..
♣♣...≈♣≈♣..≈≈≈.♣♣ ≈...
♣≈.....(...≈≈≈..♣♣♣≈..♣
♣.≈≈≈≈≈≈≈.......≈..≈♣
≈.♣.≈≈≈≈≈≈≈..§≈≈≈≈≈≈≈.♣
≈.♣.≈≈≈≈≈...≈.≈≈≈§≈≈≈.♣♣
..♣.≈≈≈..(..♣♣3PP§≈≈.(.♣.
≈...≈≈≈.....♣♣P3P§≈.≈≈./≈
.≈.♣♣..≈≈≈.♣♣♣♣f@§≈....)≈
≈≈≈♣♣♣≈.≈.♣♣♣♣♣♣.≈≈≈..♣♣
≈≈≈♣♣♣♣♣≈♣≈≈≈♣♣♣..§≈..≈≈.
...≈♣ ♣.......≈♣.≈≈≈≈≈♣§≈
.≈≈.♣ ♣.≈≈≈≈≈..♣≈≈≈≈≈....
≈≈≈.♣♣♣.≈≈≈≈≈≈.≈♣.≈≈≈....
≈≈≈.♣≈.≈≈≈≈≈≈.......§≈.≈≈
≈≈≈...≈≈≈≈≈≈≈...≈≈..♣♣..≈
≈≈...≈≈≈≈...≈≈.≈.≈≈.. ≈≈♣


You could see a thorn hunter and 2 friendly smoke demons.

Vanquished Creatures
  Kirke (D:13)
  An orc warlord (Orc:1)
  A dire elephant (D:15)
  An ettin (D:14)
  Snorg (D:12)
  4 hydras
  A centaur warrior (D:15)
  6 two-headed ogres
  3 death yaks
  The ghost of Kairos the Cruncher, a novice DsSk of Okawaru (D:8)
  A skeletal warrior (D:15)
  An iron troll (D:14)
  4 unseen horrors
  A deep elf archer (D:14)
  Pikel (D:4)
  3 orc knights
  An orc sorcerer (Orc:2)
  A wolf spider (D:15)
  A deep elf mage (D:14)
  2 cyclopes
  A manticore (Lair:3)
  11 ugly things
  A wolf spider (shapeshifter) (D:14)
  3 elephants (Lair:5)
  5 black mambas
  10 spiny frogs
  A rime drake (Lair:3)
  8 komodo dragons
  A kobold demonologist (D:15)
  A queen bee (Lair:3)
  2 jumping spiders (Lair:3)
  A tyrant leech (Swamp:1)
  10 polar bears
  13 trolls
  4 hornets (Lair:6)
  A wolf spider simulacrum (D:15)
  3 blink frogs
  6 dream sheep
  4 hippogriffs
  10 slime creatures
  Sigmund (D:4)
  A shadow (D:14)
  2 centaur simulacra
  14 spriggans
  A human (D:13)
  6 wyverns
  2 hogs (D:13)
  22 yaks
  Eustachio (D:6)
  7 basilisks
  3 vampire mosquitoes
  A hungry ghost (D:14)
  4 insubstantial wisps (Swamp:1)
  2 wargs (D:11)
  A swamp worm (Swamp:1)
  A soldier ant (D:12)
  An acid dragon (D:9)
  13 water moccasins
  8 porcupines
  Duvessa (D:7)
  43 orc warriors
  3 black bears
  2 swamp drakes (Swamp:1)
  8 ice beasts
  8 ogres
  The ghost of homeworkjunkie the Covered, an amateur HOFi (D:4)
  3 boggarts (Lair:6)
  An eye of draining (D:10)
  2 sky beasts
  2 phantoms
  2 necrophages (D:8)
  14 wolves
  10 centaurs
  12 crocodiles
  19 bullfrogs
  A wyvern skeleton (D:12)
  Dowan (D:7)
  A scorpion (D:8)
  7 wights
  31 killer bees
  3 howler monkeys
  3 electric eels
  5 crimson imps
  A bullfrog zombie (D:5)
  3 jellies
  10 hounds
  14 orc priests
  2 centaur zombies
  5 bullfrog skeletons
  5 centaur skeletons
  An iguana (D:10)
  Ijyb (D:4)
  10 hell rats (Lair:6)
  26 orc wizards
  6 worker ants
  A bullfrog simulacrum (D:13)
  2 hound skeletons
  A worker ant zombie (D:9)
  12 adders
  3 gnolls (D:8)
  A howler monkey skeleton (D:6)
  5 river rats (Lair:6)
  2 shadow imps
  A white imp (D:13)
  An ufetubus (D:13)
  3 worms
  A dart slug (D:1)
  5 leopard geckos
  91 orcs
  2 ball pythons
  3 bats (D:2)
  A giant cockroach (D:1)
  7 goblins
  6 hobgoblins
  4 jackals (D:6)
  3 quokkas
  4 frilled lizards (D:1)
  A jackal zombie (D:8)
  5 kobolds
  A leopard gecko skeleton (D:6)
  A leopard gecko zombie (D:7)
  12 rats
  A briar patch (Swamp:1)
670 creatures vanquished.

Vanquished Creatures (collateral kills)
  2 hydras (Lair:6)
  A two-headed ogre (D:10)
  A tengu warrior (D:14)
  A centaur warrior (D:14)
  2 death yaks (Lair:6)
  2 skeletal warriors (D:15)
  An orange crystal statue (D:14)
  A cyclops (D:15)
  A manticore (D:15)
  2 elephants
  A gargoyle (D:11)
  2 komodo dragons
  2 rime drakes (Lair:3)
  A jumping spider (Lair:3)
  2 trolls
  2 slime creatures
  A hornet (Lair:6)
  3 blink frogs (Lair:5)
  A hippogriff (Lair:3)
  3 dream sheep (Lair:5)
  A spriggan (Lair:6)
  11 yaks
  3 basilisks
  2 steam dragons
  2 vampire mosquitoes (D:15)
  An insubstantial wisp (Swamp:1)
  A water moccasin (Lair:3)
  5 orc warriors
  An eye of draining (D:9)
  2 boggarts (Lair:6)
  4 wolves
  A crocodile (Lair:3)
  3 bullfrogs
  11 killer bees (Lair:3)
  2 crimson imps
  A quasit (D:10)
  2 hounds
  2 orc priests
  An orc wizard (D:3)
  A worker ant (D:8)
  6 hell rats
  A hound skeleton (D:8)
  3 orcs
  A quokka (D:8)
  A rat (Lair:6)
101 creatures vanquished.

Vanquished Creatures (others)
  A very ugly thing (D:14)
  A centaur warrior (D:14)
  A deep elf archer (D:14)
  3 briar patches (Swamp:1)
  8 fungi
14 creatures vanquished.

Grand Total: 785 creatures vanquished

Notes
Turn   | Place    | Note
-------+----------+-------------------------------------------
     0 | D:1      | keltmir the Demonspawn Gladiator began the quest for the Orb.
     0 | D:1      | Reached XP level 1. HP: 16/16 MP: 1/1
   256 | D:1      | Reached skill level 3 in Polearms
   272 | D:1      | Gained mutation: You have large cloven feet. [demonic ancestry]
   272 | D:1      | Reached XP level 2. HP: 13/22 MP: 2/2
  1148 | D:2      | Gained mutation: You are surrounded by a mild repulsion field. (EV +2) [demonic ancestry]
  1148 | D:2      | Reached XP level 3. HP: 27/28 MP: 3/3
  1284 | D:2      | Reached XP level 4. HP: 28/34 MP: 4/4
  1486 | D:2      | Reached skill level 4 in Polearms
  1873 | D:3      | Gained mutation: A weak demonic guardian rushes to your aid. [demonic ancestry]
  1873 | D:3      | Reached XP level 5. HP: 41/41 MP: 5/5
  2565 | D:4      | Noticed homeworkjunkie's ghost (amateur HOFi)
  2598 | D:4      | Killed homeworkjunkie's ghost
  2598 | D:4      | Reached skill level 5 in Polearms
  2727 | D:4      | Noticed Sigmund
  2750 | D:4      | Killed Sigmund
  2750 | D:4      | Reached XP level 6. HP: 36/48 MP: 6/6
  2863 | D:4      | Noticed Ijyb
  2871 | D:4      | Paralysed by Ijyb for 5 turns
  2878 | D:4      | Paralysed by Ijyb for 7 turns
  2893 | D:4      | Killed Ijyb
  2983 | D:4      | Noticed an ice beast
  3005 | D:4      | Killed an ice beast
  3005 | D:4      | Reached skill level 6 in Polearms
  3121 | D:5      | Entered Level 5 of the Dungeon
  3143 | D:5      | Gained mutation: You have hoof-like feet. [demonic ancestry]
  3143 | D:5      | Reached XP level 7. HP: 54/55 MP: 7/7
  3317 | D:5      | Found a staircase to the Ecumenical Temple.
  3334 | Temple   | Entered the Ecumenical Temple
  3348 | Temple   | Became a worshipper of Qazlal Stormbringer
  3420 | D:4      | Noticed Pikel
  3434 | D:4      | Killed Pikel
  3434 | D:4      | Reached skill level 5 in Fighting
  3434 | D:4      | Reached skill level 7 in Polearms
  3434 | D:4      | Gained mutation: You are surrounded by a moderate repulsion field. (EV +3) [demonic ancestry]
  3434 | D:4      | Reached XP level 8. HP: 60/62 MP: 7/9
  4318 | D:5      | Found a sacrificial altar of Ru.
  4382 | D:6      | Got a polished plate armour
  4393 | D:6      | Identified the +8 plate armour of Past Mistakes {rN+} (You found it on level 6 of the Dungeon)
  4397 | D:6      | Noticed Eustachio
  4426 | D:6      | Killed Eustachio
  4515 | D:6      | Reached * piety under Qazlal
  4525 | D:6      | Reached skill level 8 in Polearms
  4558 | D:6      | Reached skill level 1 in Shields
  4931 | D:7      | Reached XP level 9. HP: 69/69 MP: 12/12
  5075 | D:7      | Reached skill level 5 in Invocations
  5151 | D:7      | Noticed Dowan
  5153 | D:7      | Noticed Duvessa
  5158 | D:7      | Killed Dowan
  5165 | D:7      | Killed Duvessa
  5662 | D:8      | Got a warped ring mail
  5673 | D:8      | Identified the cursed +1 ring mail of Moral Flaws {rPois Int+4} (You found it on level 8 of the Dungeon)
  5701 | D:8      | Noticed a two-headed ogre
  5720 | D:8      | Killed a two-headed ogre
  5720 | D:8      | Reached ** piety under Qazlal
  5720 | D:8      | Reached skill level 9 in Polearms
  5918 | D:8      | Gained mutation: You have hooves in place of feet. [demonic ancestry]
  5918 | D:8      | Reached XP level 10. HP: 79/79 MP: 15/15
  5972 | D:8      | Noticed Kairos's ghost (novice DsSk)
  6028 | D:8      | Killed Kairos's ghost
  6344 | D:8      | Found a staircase to the Lair.
  6649 | D:9      | Reached skill level 10 in Polearms
  6828 | D:9      | Reached *** piety under Qazlal
  7518 | D:10     | Entered Level 10 of the Dungeon
  7651 | D:10     | Noticed a two-headed ogre
  7659 | D:10     | Noticed a two-headed ogre
  7665 | D:10     | Killed a two-headed ogre
  7687 | D:10     | Killed a two-headed ogre
  8070 | D:10     | Gained mutation: A demonic guardian rushes to your aid. [demonic ancestry]
  8070 | D:10     | Reached XP level 11. HP: 87/87 MP: 17/17
  8496 | D:10     | Noticed a two-headed ogre
  8506 | D:10     | Killed a two-headed ogre
  8506 | D:10     | Reached skill level 11 in Polearms
  8619 | D:11     | Found a shimmering altar of Xom.
  8719 | D:11     | Got a vibrating bone ring
  8732 | D:11     | Identified the ring of Homoh {rElec Int+3 Stlth+} (You found it on level 11 of the Dungeon)
  8792 | D:11     | Reached **** piety under Qazlal
  8820 | D:11     | Found a burning altar of Makhleb.
  8953 | D:11     | Found a staircase to the Orcish Mines.
  9483 | D:12     | Reached skill level 5 in Armour
  9520 | D:12     | Noticed Snorg
  9531 | D:12     | Killed Snorg
  9779 | D:12     | Noticed a two-headed ogre
  9795 | D:12     | Killed a two-headed ogre
  9888 | D:12     | Reached skill level 10 in Invocations
  9891 | D:12     | Noticed a brown ugly thing
  9903 | D:12     | Killed a brown ugly thing
 10685 | Lair:1   | Entered Level 1 of the Lair of Beasts
 10791 | Lair:1   | Reached skill level 12 in Polearms
 11202 | Lair:1   | Gained mutation: Your flesh is heat resistant. (rF+) [demonic ancestry]
 11202 | Lair:1   | Reached XP level 12. HP: 96/96 MP: 19/19
 11870 | Lair:2   | Got a pitted turquoise ring
 11872 | Lair:2   | Identified the ring of Greater Demons {rPois Str+4 Dex-4 SInv} (You found it on level 2 of the Lair of Beasts)
 12126 | Lair:2   | Found a staircase to the Swamp.
 12464 | Lair:3   | Reached ***** piety under Qazlal
 12755 | Lair:3   | Reached skill level 10 in Fighting
 13394 | Lair:3   | Reached skill level 13 in Polearms
 13891 | Lair:3   | Found a hole to the Spider Nest.
 15290 | Lair:5   | Gained mutation: You are surrounded by a strong repulsion field. (EV +4, RMsl) [demonic ancestry]
 15290 | Lair:5   | Reached XP level 13. HP: 102/104 MP: 21/21
 15585 | Lair:5   | Reached ****** piety under Qazlal
 16410 | Lair:6   | Entered Level 6 of the Lair of Beasts
 16769 | Lair:6   | Reached skill level 14 in Polearms
 17808 | Lair:6   | Identified the Almanac of Lucky Flight
 17991 | Lair:6   | Found a viscous altar of Jiyva.
 17991 | Lair:6   | Found a staircase to the Slime Pits.
 18692 | D:13     | Reached XP level 14. HP: 111/113 MP: 23/23
 19394 | D:13     | Noticed Kirke
 19399 | D:13     | Killed Kirke
 19905 | D:14     | Noticed a green very ugly thing
 19922 | D:14     | Killed a green very ugly thing
 20113 | D:14     | Reached skill level 15 in Polearms
 20228 | D:14     | Found a gate to the Vaults.
 20306 | D:14     | Got a smoking ivory ring
 20562 | D:14     | Identified the ring of Othagh {MR- EV+1 Str+4 Int+6} (You found it on level 14 of the Dungeon)
 21002 | D:15     | Entered Level 15 of the Dungeon
 21474 | D:15     | Found a staircase to the Depths.
 21895 | Orc:1    | Entered Level 1 of the Orcish Mines
 22489 | D:11     | Reached XP level 15. HP: 88/122 MP: 25/25
 22722 | Orc:1    | You fall through a shaft!
 22722 | Orc:2    | Entered Level 2 of the Orcish Mines
 23523 | Orc:2    | Noticed an orc warlord
 23578 | Orc:1    | Killed an orc warlord
 23578 | Orc:1    | Reached skill level 10 in Armour
 23920 | Orc:2    | Found Voaloy's Distillery.
 24283 | Orc:2    | Found a staircase to the Elven Halls.
 24295 | Orc:2    | Bought a potion of heal wounds for 75 gold pieces
 24578 | Orc:2    | Found Ohepootza's Assorted Antiques.
 24578 | Orc:2    | Found Luef's Book Shop.
 24580 | Orc:2    | Found Imosirch's Magic Scroll Boutique.
 24582 | Orc:2    | Found Yjenewk's Gadget Emporium.
 24586 | Orc:2    | Bought a potion of heal wounds for 135 gold pieces
 24589 | Orc:2    | Bought a scroll of acquirement for 728 gold pieces
 24589 | Orc:2    | Bought a scroll of blinking for 105 gold pieces
 24589 | Orc:2    | Bought a scroll of identify for 28 gold pieces
 24825 | Swamp:1  | Entered Level 1 of the Swamp
 24905 | Swamp:1  | Reached skill level 16 in Polearms
 25051 | Swamp:1  | Noticed a thorn hunter
 25086 | Swamp:1  | Killed from afar by a thorn hunter

Skill      XL: |  1  2  3  4  5  6  7  8  9 10 11 12 13 14 15 |
---------------+----------------------------------------------+-----
Polearms       | 3 4 5 6 7 8 9 10 12 13 14 15 16 | 16.0
Fighting       | 3 4 5 6 7 8 9 10 11 12 | 12.7
Armour         | 2 4 5 7 8 9 10 | 10.2
Invocations    | 2 4 6 8 10 11 13 14 | 14.9
Shields        | 1 3 4 |  4.4
Throwing       | |  1.7
Dodging        | |  2.6

Action                   |  1- 3 |  4- 6 |  7- 9 | 10-12 | 13-15 || total
-------------------------+-------+-------+-------+-------+-------++-------
Melee: Trident           |   100 |   179 |   404 |   129 |   511 ||  1323
       Halberd           |       |       |       |   655 |   562 ||  1217
       Kick              |       |       |       |   214 |   295 ||   509
       Whip              |       |       |       |       |    13 ||    13
       Bardiche          |       |       |       |       |    30 ||    30
Throw: Throwing net      |     1 |       |       |       |       ||     1
Invok: Disaster Area     |       |       |       |       |     1 ||     1
Evoke: Wand              |       |       |       |     1 |       ||     1
  Use: Scroll            |     4 |     5 |     4 |    11 |     9 ||    33
 Stab: Distracted        |       |     2 |     3 |     7 |     5 ||    17
  Eat: Chunk             |     1 |     6 |    10 |    22 |    19 ||    58
       Ration            |       |       |       |     2 |     5 ||     7
Armor: Leather armour    |     3 |       |       |       |       ||     3
       Fire dragon scale |    33 |    68 |    54 |       |       ||   155
       Skin              |       |     1 |       |       |       ||     1
       Plate armour      |       |       |   122 |   345 |   371 ||   838
Dodge: Dodged            |    42 |    47 |   126 |   274 |   354 ||   843
       Deflected         |       |       |       |     2 |    33 ||    35
Block: Buckler           |    13 |    22 |    72 |    28 |   137 ||   272
       Other             |       |       |       |   126 |   174 ||   300
       Shield            |       |       |       |       |    99 ||    99
       Large shield      |       |       |       |       |    71 ||    71
       Reflection        |       |       |       |       |    15 ||    15
